 Dungeon Crawl Stone Soup version 0.31.0-12-g77e489cdc1 (webtiles) character file.

Game seed: 16947502560845139342

47 Baz the Sneak (level 3, -1/19 HPs)
             Began as a Vampire Enchanter on Feb 27, 2024.
             Slain by a hobgoblin (5 damage)
             ... on level 2 of the Dungeon.
             The game lasted 00:02:14 (1109 turns).

Baz the Sneak (Vampire Enchanter)                   Turns: 1109, Time: 00:02:15

Health: -1/19      AC:  2    Str:  7    XL:     3   Next: 48%
Magic:  6/6        EV: 12    Int: 19    God:
Gold:   57         SH:  0    Dex: 14    Spells: 6/6 levels left

rFire   . . .        e - +3 dagger
rCold   + + .        (no shield)
rNeg    + + +        b - +0 robe
rPois   ∞            (no helmet)
rElec   .            (no cloak)
rCorr   .            (no gloves)
SInv    +            (no boots)
Will    .....        (no amulet)
Stlth   +++++        (no ring)
HPRegen 0.00/turn    (no ring)
MPRegen 0.10/turn

%: no passive effects
@: bloodless, inhibited regen
A: bloodless, fangs 3, see invisible, vampiric 2
a: Bat Form, Revivify


You were on level 2 of the Dungeon.
You visited 1 branch of the dungeon, and saw 2 of its levels.

You collected 57 gold pieces.

Inventory:

Hand Weapons
 e - a +3 dagger (weapon)
Armour
 b - a +0 robe (worn)
Scrolls
 g - a scroll of poison {unknown}
 h - a scroll of enchant weapon {unknown}
 j - a scroll of identify {unknown}
Potions
 a - a potion of mutation {unknown}
 c - 2 potions of invisibility
 d - a potion of curing {unknown}
 f - 2 potions of attraction {unknown}
 i - a potion of magic {unknown}


   Skills:
 + Level 1.8 Short Blades
 + Level 2.6 Dodging
 * Level 5.2 Stealth
 + Level 2.2 Spellcasting
 * Level 5.1 Hexes


You had 6 spell levels left.
You didn't know any spells.
Your spell library contained the following spells:

 Spells                   Type           Power      Damage    Failure   Level
 Confusing Touch          Hex            21%        N/A       6%          3
 Tukima's Dance           Hex            21%        N/A       6%          3
 Ensorcelled Hibernation  Hex/Ice        22%        N/A       9%          2
 Dazzling Flash           Conj/Hex       22%        N/A       17%         3
 Animate Dead             Necr           2%         N/A       86%         4
 Haunt                    Necr/Summ      1%         N/A       100%        7
 Infestation              Necr           1%         N/A       100%        8


Dungeon Overview and Level Annotations

Branches:
Dungeon (2/15)

Altars:

Annotations:
D:2 1 runed translucent door, Crazy Yiuf


Innate Abilities, Weirdness & Mutations

You do not regenerate when monsters are visible.
You are frail without blood (-20% HP).
You can heal yourself when you bite living creatures.
You are immune to poison.
You have razor-sharp teeth.
You have supernaturally acute eyesight. (SInv)
You are afflicted with vampirism and can become a bat while bloodless.


Message History

The giant cockroach closely misses you.
A hobgoblin comes into view.
You hit the giant cockroach. Your bite misses the giant cockroach.
The giant cockroach is almost dead.
The giant cockroach bites you. The giant cockroach closely misses you.
You hit the giant cockroach.
You kill the giant cockroach!
You barely miss the jackal. The jackal barely misses you.
You hit the jackal. You bite the jackal, but do no damage.
The jackal is heavily wounded.
The jackal closely misses you. The jackal barely misses you.
You barely miss the jackal. The jackal bites you. x2
The jackal barely misses you. x2
You closely miss the jackal. The jackal bites you. x2
You hit the jackal.
The jackal is heavily wounded.
The jackal bites you but does no damage.
The jackal closely misses you.
You barely miss the jackal. Your bite misses the jackal.
The jackal is heavily wounded.
The jackal misses you. The jackal closely misses you.
You barely miss the jackal.
The jackal is heavily wounded.
The jackal barely misses you.
The jackal bites you but does no damage.
The jackal barely misses you. x2
You hit the jackal.
You kill the jackal!
The jackal bites you but does no damage.
You hit the jackal.
You kill the jackal!
You barely miss the hobgoblin.
You bite the hobgoblin, but do no damage.
The hobgoblin hits you.
* * * LOW HITPOINT WARNING * * *
You barely miss the hobgoblin. The hobgoblin misses you.
You barely miss the hobgoblin. The hobgoblin barely misses you.
Unknown command.
You barely miss the hobgoblin. The hobgoblin hits you.
You die...

##.##...#
†.....#.#
#.##..#.##
#........###
##.........##
...#.####...###
##...# ###...####
# .#.###
##.....####)####.
...#
####.@g.........
..##
#####...$.... #.#
#>###.... ... #.#
### ... #.# >#..
#.. ###


You could see a hobgoblin.

Vanquished Creatures
  An adder (D:2)
  A ribbon worm (D:2)
  A dart slug (D:2)
  2 ball pythons
  2 endoplasms
  A giant cockroach (D:2)
  4 goblins
  5 hobgoblins
  2 jackals (D:2)
  3 kobolds
  A quokka (D:1)
  3 bats (D:1)
  A frilled lizard (D:2)
  3 rats (D:1)
30 creatures vanquished.

Notes
Turn   | Place    | Note
-------+----------+-------------------------------------------
     0 | D:1      | Baz the Vampire Enchanter began the quest for the Orb.
     0 | D:1      | Reached XP level 1. HP: 13/13 MP: 3/3
   188 | D:1      | Reached XP level 2. HP: 10/15 MP: 5/5
   949 | D:2      | Found a runed translucent door.
   950 | D:2      | Noticed Crazy Yiuf
   986 | D:2      | Reached skill level 5 in Stealth
   994 | D:2      | Reached skill level 5 in Hexes
   994 | D:2      | Gained mutation: You are afflicted with vampirism and can
                  | become a bat while bloodless. [Vampire growth]
   994 | D:2      | Reached XP level 3. HP: 8/19 MP: 6/6
  1109 | D:2      | Slain by a hobgoblin

Illustrated notes

Levels and vault maps discovered:
D:1:      wheals_arrival_shading, layout_basic
D:2:      layout_rooms, bh_walls_and_bars, uniq_crazy_yiuf_cottage

Skill      XL: |  1  2 |
---------------+-------+-----
Stealth        | 5 |  5.2
Hexes          | 5 |  5.1
Short Blades   | |  1.8
Dodging        | |  2.6
Spellcasting   | |  2.2

Action                     || total
---------------------------++-------
  Melee: Dagger            ||    88
         Bite              ||     9
         Punch             ||     1
Ability: Exsanguinate      ||     1
   Stab: Sleeping          ||    11
 Armour: Robe              ||    31
  Dodge: Dodged            ||    52
